 Dungeon Crawl Stone Soup version 0.20.1-1-g8b1a95d (webtiles) character file.

193 digijack the Skirmisher (level 5, -5/61 HPs)
             Began as an Ogre Berserker on Dec 8, 2017.
             Was a Priest of Trog.
             Killed from afar by carlb's ghost (6 damage)
             ... with a magic dart
             ... on level 4 of the Dungeon.
             The game lasted 00:13:21 (3434 turns).

digijack the Skirmisher (Ogre Berserker)            Turns: 3434, Time: 00:13:22

Health: -5/61      AC:  4    Str: 21      XL:     5   Next: 72%
Magic:  5/5        EV: 10    Int:  7 (8)  God:    Trog [***...]
Gold:   50         SH:  0    Dex:  9      Spells: 4/4 levels left

rFire    . . .     SeeInvis .   a - +0 falchion
rCold    + . .     Gourm    .   (no shield)
rNeg     . . .     Faith    .   e - +1 robe
rPois    .         Spirit   .   (helmet restricted)
rElec    .         Reflect  .   (no cloak)
rCorr    .         Harm     .   (gloves unavailable)
MR       .....                  (boots unavailable)
Stlth    +.........             (no amulet)
Regen    0.2/turn               (no ring)
MPRegen  0.1/turn               (no ring)

@: no status effects
A: unfitting armour, blurry vision 1, cold resistance 1, deterioration 1, tough
skin 1
a: Berserk, Trog's Hand, Burn Spellbooks, Renounce Religion


You were on level 4 of the Dungeon.
You worshipped Trog.
Trog was most pleased with you.
You were not hungry.

You visited 1 branch of the dungeon, and saw 4 of its levels.

You collected 50 gold pieces.

Inventory:

Hand Weapons
 a - a +0 falchion (weapon)
Armour
 b - a +0 animal skin
 e - a +1 robe (worn)
Scrolls
 g - 2 scrolls of remove curse
 h - 2 scrolls of identify
Comestibles
 c - a bread ration
 f - 2 fruits


   Skills:
 + Level 6.4 Fighting
 + Level 3.6 Long Blades
 - Level 2.6 Dodging


You had 4 spell levels left.
You didn't know any spells.

Dungeon Overview and Level Annotations

Branches:
Dungeon (4/15)
 Temple: D:4-7

Altars:
Qazlal

Annotations:
D:4 carlb's ghost, amateur NaWz


Innate Abilities, Weirdness & Mutations

You are too large for most types of armour.
You have tough skin. (AC +1)
Scrolls take you a little longer to read.
Your flesh is cold resistant. (rC+)
Your body sometimes deteriorates upon taking damage.


Message History

* * * LOW HITPOINT WARNING * * *
The white imp gestures at you. The puff of frost hits you! You resist.
* * * LOW HITPOINT WARNING * * *
You hit carlb's ghost.
Carlb's ghost is heavily damaged.
Carlb's ghost completely misses you. The white imp gestures at you.
The puff of frost hits you! You resist.
* * * LOW HITPOINT WARNING * * *
You slash carlb's ghost!
Carlb's ghost is severely damaged.
Carlb's ghost hits you.
* * * LOW HITPOINT WARNING * * *
The white imp barely misses you.
You riposte.
You barely miss the white imp. You hit carlb's ghost but do no damage.
Carlb's ghost is severely damaged.
Carlb's ghost casts a spell at you. The magic dart hits you!
You die...

..≈P
..PP
....P
....
...
###5#
#@W5#
#5###
#.#
#<#
#.#
#.#
..#
###


You could see carlb's ghost, a crimson imp, a white imp and a shadow imp.

Vanquished Creatures
  A hound (D:4)
  3 adders
  4 gnolls (D:3)
  2 oozes
  4 worms
  3 leopard geckos
  3 orcs (D:3)
  3 ball pythons
  2 giant cockroaches
  8 hobgoblins
  10 jackals
  4 kobolds
  2 quokkas
  5 bats
  7 frilled lizards
  5 goblins
  7 rats
73 creatures vanquished.

Notes
Turn   | Place    | Note
-------+----------+-------------------------------------------
     0 | D:1      | digijack the Ogre Berserker began the quest for the Orb.
     0 | D:1      | Reached XP level 1. HP: 24/24 MP: 1/1
   223 | D:1      | Reached XP level 2. HP: 28/33 MP: 2/2
   410 | D:1      | Reached XP level 3. HP: 21/41 MP: 3/3
   655 | D:1      | Reached skill level 5 in Fighting
   672 | D:1      | Reached ** piety under Trog
  1240 | D:2      | Gained mutation: Your body sometimes deteriorates upon taking damage. [potion of mutation]
  1240 | D:2      | Gained mutation: Scrolls take you a little longer to read. [potion of mutation]
  1240 | D:2      | Gained mutation: Your flesh is cold resistant. (rC+) [potion of mutation]
  1318 | D:2      | Found a stormy altar of Qazlal.
  1602 | D:2      | Reached XP level 4. HP: 47/50 MP: 4/4
  2898 | D:3      | Reached XP level 5. HP: 51/59 MP: 5/5
  2904 | D:3      | Reached skill level 6 in Fighting
  3098 | D:3      | Reached *** piety under Trog
  3414 | D:4      | Noticed carlb's ghost (amateur NaWz)
  3433 | D:4      | HP: 1/61 [carlb's ghost (4)]
  3434 | D:4      | Killed from afar by carlb's ghost

Skill      XL: |  1  2  3  4  5 |
---------------+----------------+-----
Fighting       | 5 6 |  6.4
Long Blades    | 3 |  3.6
Dodging        | |  2.6

Action                   |  1- 3 |  4- 6 || total
-------------------------+-------+-------++-------
Melee: Falchion          |   161 |   140 ||   301
  Use: Scroll            |     7 |     2 ||     9
       Potion            |     4 |     3 ||     7
  Eat: Chunk             |     3 |     4 ||     7
       Fruit             |       |     2 ||     2
Armor: Animal skin       |    34 |       ||    34
       Robe              |    10 |    43 ||    53
Dodge: Dodged            |    93 |    89 ||   182
       Rpst.: Falchion   |    37 |    22 ||    59
